AoeStats
← ScruffyMcDuff

Enclosed

503954414Analyzed
1v1 RM · 1mo ago on Sep 3, 2026· 79m 30s· 2 players
Game mode
Random Map
Map size
Tiny (2 player)
Population
200
Speed
Normal
Resources
Standard
Victory
Conquest
Starting age
Dark Age
Ending age
Imperial Age
RankedLock teamsTeams togetherTeam positionsShared explorationLock speedFull tech treeHidden civsTurbo modeCheats
Victory
Defeat
🇨🇦 Burgundians · Canada
1146
+14
🇲🇽 Armenians · Mexico
1103
-14
leonhartbk
7:11 Loom
10:07 Feudal Age
10:20 Man-at-Arms
18:11 Long Swordsman
19:14 Arson
19:46 Town Watch
23:03 Castle Age
22:39 Wheelbarrow
22:37 Scale Mail Armor
23:18 Forging
23:38 Gambesons
23:44 Two-Handed Swordsman
25:15 Chain Mail Armor
25:36 Double-Bit Axe
26:22 Squires
27:17 Fletching
28:19 Gold Mining
29:37 Atonement
31:10 Iron Casting
33:46 Hand Cart
33:57 Bow Saw
33:38 Stone Mining
34:41 Bodkin Arrow
42:08 Champion
42:59 Town Patrol
49:03 Imperial Age
48:29 Elite Skirmisher
49:50 Bracer
49:51 Padded Archer Armor
50:24 Conscription
59:27 Leather Archer Armor
62:28 Ring Archer Armor
62:38 Plate Mail Armor
63:09 Blast Furnace
62:44 Ballistics
63:26 Chemistry
63:04 Horse Collar
64:18 Pikeman
66:07 Halberdier
72:37 Elite Composite Bowman
ScruffyMcDuff
6:19 Loom
9:26 Feudal Age
8:00 Double-Bit Axe
8:15 Horse Collar
10:37 Heavy Plow
11:18 Arson
12:01 Gold Mining
12:38 Forging
18:13 Scale Mail Armor
18:44 Scale Barding Armor
25:07 Castle Age
23:37 Fletching
27:01 Wheelbarrow
26:54 Bodkin Arrow
26:55 Light Cavalry
30:06 Padded Archer Armor
29:34 Crossbowman
30:47 Squires
38:37 Husbandry
46:25 Imperial Age
45:21 Hand Cart
46:28 Bow Saw
50:11 Chemistry
54:49 Chain Barding Armor
53:53 Hussar
63:51 Iron Casting
69:25 Plate Barding Armor
69:51 Blast Furnace
76:36 Bracer
Connection lost

Rejoining the realm…

Still unreachable

The connection could not be restored.

Session expired

The server has moved on; the page needs a fresh start.